[Event "Kadett-SM 2025"]
[Site "Uppsala, Sweden"]
[Date "2025.06.30"]
[Round "1.1"]
[White "Alm, Vidar"]
[Black "Ljungros, Lo"]
[Result "0-1"]
[TimeControl "90 min for 40 move + 30 min with an increment of 30 sec starting move 1"]
[WhiteFideId "1786717"]
[BlackFideId "1760114"]
[WhiteElo "1713"]
[BlackElo "2051"]

1. e4 e6 2. d3 d5 3. Nd2 Nf6 4. Ngf3 Bc5 5. e5 Nfd7 6. d4 Be7 7. c3 c5 8. Be2 Nc6 9. O-O g5 10.
Nb3 c4 11. Nbd2 b5 12. Ne1 Qb6 13. Kh1 f5 14. exf6 Nxf6 15. f4 gxf4 16. Ndf3 Bd7 17. Bxf4 O-O-O 18. Ne5 Nxe5 19. Bxe5 Rhf8 20.
Nf3 Ne4 21. Qc2 Be8 22. b3 Qa5 23. bxc4 Qxc3 24. Bd3 Qxc2 25. Bxc2 bxc4 26. Bxe4 dxe4 27. Nd2 Rxf1+ 28. Rxf1 e3 29.
Nxc4 e2 30. Re1 Bh5 31. h3 Bb4 32. Bg3 Bxe1 33. Bxe1 Rxd4 34. Ne3 Rd1 35. Nc2 Bg6 0-1

[Event "Kadett-SM 2025"]
[Site "Uppsala, Sweden"]
[Date "2025.06.30"]
[Round "1.2"]
[White "Prabu, Dananjey"]
[Black "Gultekin, Ece"]
[Result "1-0"]
[TimeControl "90 min for 40 move + 30 min with an increment of 30 sec starting move 1"]
[WhiteFideId "25744992"]
[BlackFideId "1772945"]
[WhiteElo "2047"]
[BlackElo "1704"]

1. e4 e5 2. Nf3 Nc6 3. Bc4 Bc5 4. d3 d6 5. c3 h6 6. a4 a5 7. Nbd2 Nf6 8. O-O g5 9. Nb3 g4 10.
Nh4 Nxe4 11. dxe4 Qxh4 12. Nxc5 dxc5 13. Qd5 Be6 14. Qxc5 Bxc4 15. Qxc4 O-O-O 16. Be3 Rd7 17. b4 axb4 18.
a5 Nb8 19. a6 bxa6 20. Rxa6 Kd8 21. Ra8 1-0

[Event "Kadett-SM 2025"]
[Site "Uppsala, Sweden"]
[Date "2025.06.30"]
[Round "1.3"]
[White "Uniyal, Hanns Ivar"]
[Black "Dingertz, Filip"]
[Result "1/2-1/2"]
[TimeControl "90 min for 40 move + 30 min with an increment of 30 sec starting move 1"]
[WhiteFideId "1779230"]
[BlackFideId "1757288"]
[WhiteElo "1700"]
[BlackElo "2043"]

1. c4 e6 2. Nf3 d5 3. e3 Nf6 4. Nc3 Be7 5. b3 O-O 6. Bb2 c6 7. Be2 Nbd7 8. d4 b6 9. O-O Bb7 10.
Rc1 c5 11. cxd5 exd5 12. Ne5 Nxe5 13. dxe5 Ne8 14. Bd3 d4 15. exd4 cxd4 16. Ne4 Qd5 17. f4 Kh8 18. Qf3 f5 19.
Ng3 Qd7 20. Qh5 g6 21. Qe2 Nc7 22. Rfd1 Ne6 23. Qf1 Bc5 24. Kh1 Rfd8 25. Bb5 Qe7 26. Bc4 Bd5 27. Ne2 Kg7 28. Nxd4 Bxd4 29.
Bxd4 Qb7 30. Bxd5 Rxd5 31. Be3 Rad8 32. Rxd5 Rxd5 33. Qc4 Qd7 34. h3 Rd3 35. Qc6 Qxc6 36. Rxc6 Kf7 37. Bc1 Rd1+ 38.
Kh2 Rf1 39. a4 Nxf4 40. Bxf4 Rxf4 41. Rc7+ Ke6 42. Rxa7 Rb4 43. Rxh7 Kxe5 44. Rb7 Rxb3 45. a5 b5 46. a6 Kf4 47.
a7 Ra3 48. Rxb5 Rxa7 49. Rb4+ Kg5 1/2-1/2

[Event "Kadett-SM 2025"]
[Site "Uppsala, Sweden"]
[Date "2025.06.30"]
[Round "1.4"]
[White "Bergman, Axel"]
[Black "Ostafiev, Christina"]
[Result "1-0"]
[TimeControl "90 min for 40 move + 30 min with an increment of 30 sec starting move 1"]
[WhiteFideId "1772694"]
[BlackFideId "1767577"]
[WhiteElo "2034"]
[BlackElo "1675"]

1. e4 e5 2. Nf3 Nc6 3. Bb5 a6 4. Ba4 d6 5. c3 Nf6 6. d4 exd4 7. Nxd4 Bd7 8. Nxc6 Bxc6 9. Bxc6+ bxc6 10.
O-O Be7 11. Nd2 O-O 12. Re1 Nd7 13. Nf3 Ne5 14. Nxe5 dxe5 15. Be3 Qxd1 16. Rexd1 Rab8 17. b3 Rfd8 18. Kf1 f6 19. Ke2 Kf7 20.
Rxd8 Rxd8 21. Rd1 Rxd1 22. Kxd1 a5 23. Kc2 Ke6 24. Kd3 Kd7 25. Kc4 Bf8 26. Bc5 Bd6 27. a4 Kc8 28. b4 axb4 29.
cxb4 Kb7 30. g3 g6 31. g4 Ka6 32. b5+ Kb7 33. Bxd6 cxd6 34. bxc6+ Kxc6 35. a5 h6 36. a6 Kb6 37.
Kd5 Kxa6 38. Kxd6 Kb5 39. Ke6 Kc5 40. Kxf6 Kd4 41. Kxg6 Kxe4 42. Kxh6 Kf3 43. g5 Kxf2 44. g6 e4 45.
g7 e3 46. g8=Q e2 47. Qg3+ Kf1 48. Qf3+ Ke1 49. Kg5 Kd2 50. Qf2 Kd1 51. Qd4+ Kc2 52. Qe3 Kd1 53. Qd3+ Ke1 54. Kf4 Kf2 55.
Qf3+ Ke1 56. Ke3 Kd1 57. Qxe2+ Kc1 58. Kd3 Kb1 59. Kc3 Ka1 60. Qb2# 1-0